 Dungeon Crawl Stone Soup version 0.31-a0-1540-g5a0b83f448 (webtiles) character file.

Game seed: 14643051114957962686

364 MisterAzrael the Changeling (level 6, -9/38 HPs)
             Began as an Octopode Shapeshifter on Jan 2, 2024.
             Was a Priest of Jiyva.
             Mangled by Duvessa
             ... wielding a +0 short sword
              (14 damage)
             ... on level 4 of the Dungeon.
             The game lasted 00:05:23 (2601 turns).

MisterAzrael the Changeling (Octopode Shapeshifter) Turns: 2601, Time: 00:05:23

Health: -9/38      AC:  5    Str: 22    XL:     6   Next: 67%
Magic:  6/6        EV: 14    Int: 15    God:    Jiyva [***...]
Gold:   191        SH:  5    Dex: 23    Spells: 5/5 levels left

rFire   + +          +
                       - Unarmed
rCold   . . .        (no shield)
rNeg    + + .        (helmet currently unavailable)
rPois   .            j - amulet of reflection
rElec   .            d - +4 ring of protection
rCorr   +            e - ring of positive energy
SInv    .            k - ring "Qirucig" {^Drain rF+ Str+6 Int+3 Dex+6}
Will    +++..        i - ring of Muwk {+Blink rF+ rN+ rCorr Dex+6}
Stlth   +++          (no ring)
HPRegen 1.38/turn    (no ring)
MPRegen 0.66/turn    (no ring)
                     (no ring)

%: reflection
@: beast-form
A: beast (slay +3), almost no armour, amphibious, 8 rings, camouflage 1,
gelatinous body 1, (nimble swimmer 1), tentacles, fire resistance 1,
strong-willed 3
a: Begin Untransformation, Renounce Religion, Evoke Blink, Oozemancy


You were on level 4 of the Dungeon.
You worshipped Jiyva.
Jiyva was most pleased with you.
You were a hulking beast.
You visited 1 branch of the dungeon, and saw 4 of its levels.

You collected 191 gold pieces.

Inventory:

Armour
 a - a +2 helmet
 h - the +0 buckler "Bamurits" {rPois Will+}
   (You acquired it on level 4 of the Dungeon)

   rPois:     It protects you from poison Will+: It increases your willpower.
Jewellery
 d - a +4 ring of protection (left tentacle)
 e - a ring of positive energy (right tentacle)
 i - the ring of Muwk (on tentacle) {+Blink rF+ rN+ rCorr Dex+6}
   (You acquired it on level 4 of the Dungeon)

   [ring of dexterity]

   Dex+6:     It affects your dexterity (+6).
   rF+:       It protects you from fire.
   rN+:       It protects you from negative energy.
   +Blink:    It lets you blink.
   rCorr:     It protects you from acid and corrosion.
 j - an amulet of reflection (around mantle)
 k - the ring "Qirucig" (on tentacle) {^Drain rF+ Str+6 Int+3 Dex+6}
   (You found it on level 2 of the Dungeon)

   [ring of strength]

   Str+6:     It affects your strength (+6).
   Int+3:     It affects your intelligence (+3).
   Dex+6:     It affects your dexterity (+6).
   rF+:       It protects you from fire.
   ^Drain:    It drains your maximum health when unequipped.
Talismans
 b - a beast talisman
 c - a flux talisman
Wands
 l - a wand of digging (7)
 r - a wand of flame (18)
Scrolls
 q - a scroll of enchant weapon


   Skills:
 - Level 1.0 Fighting
 - Level 2.7 Dodging
 + Level 4.7 Unarmed Combat
 * Level 5.5 Shapeshifting


You had 5 spell levels left.
You didn't know any spells.
Your spell library contained the following spells:

 Spells                   Type           Power      Damage    Failure   Level
 Call Imp                 Summ           0%         N/A       38%         2
 Sublimation of Blood     Necr           0%         N/A       38%         2
 Ozocubu's Armour         Ice            0%         N/A       63%         3
 Metabolic Englaciation   Hex/Ice        0%         N/A       100%        5
 Sculpt Simulacrum        Ice/Alch       0%         N/A       100%        6
 Summon Hydra             Summ           0%         N/A       100%        7


Dungeon Overview and Level Annotations

Branches:
Dungeon (4/15)             Temple (0/1) D:4

Altars:
Fedhas
Makhleb
Ru
Uskayaw
The Shining One
Jiyva

Annotations:
D:4 Duvessa


Innate Abilities, Weirdness & Mutations

You are a hulking beast.
Your limbs bulge with bestial killing power. (Slay +3)
You cannot wear most types of armour.
You are amphibious.
You can wear up to eight rings at the same time.
Your skin changes colour to match your surroundings (Stealth+).
Your rubbery body absorbs attacks. (AC +1, EV +1)
((You are camouflaged when in or above water. (Stealth+)))
You have tentacles for arms and can constrict up to eight enemies at once.
Your flesh is heat resistant. (rF+)
You are extremely strong-willed. (Will+++)


Message History

Dowan says, "Magic and the sword, together, will defeat you."
Dowan misses you.
You bludgeon Duvessa!
Duvessa is heavily wounded.
You constrict Duvessa, but do no damage.
You constrict Dowan.
You hear a distant slurping noise.
Duvessa barely misses you. Dowan hits you with a +0 dagger.
You tentacle-slap Duvessa but do no damage.
You squeeze Duvessa!
Duvessa is severely wounded.
You constrict Duvessa, but do no damage.
You constrict Dowan. Duvessa hits you with a +0 short sword.
You tentacle-slap Duvessa but do no damage.
You squeeze Duvessa, but do no damage.
Duvessa is severely wounded.
You constrict Duvessa, but do no damage.
You constrict Dowan.
You kill Dowan!
Duvessa screams in rage.
Duvessa goes berserk!
Duvessa misses you.
You tentacle-slap Duvessa.
Duvessa is severely wounded.
You constrict Duvessa, but do no damage.
Duvessa hits you with a +0 short sword. Duvessa misses you.
You barely miss Duvessa. You squeeze Duvessa.
Duvessa is severely wounded.
You constrict Duvessa. Duvessa hits you with a +0 short sword!
You tentacle-slap Duvessa.
Duvessa is almost dead.
You constrict Duvessa. Duvessa hits you with a +0 short sword!
* * * LOW HITPOINT WARNING * * *
You hear a distant slurping noise.
Duvessa barely misses you.
You release your grip on Duvessa.
You hear a distant slurping noise.
Duvessa hits you with a +0 short sword.
* * * LOW HITPOINT WARNING * * *
Duvessa attacks as she pursues you! Duvessa hits you with a +0 short sword!
You die...

#### ###########
###....####.###
#....###.....
###.......P.P
##.####.._. #.# #.P.P
##.# #.... ##..# ##.##
##### ##.########...##
#... ....#
#....he..)J....####.##
#.#.#
##.######.J.........#
#.#.# ##.
##......#^### #.#.##
#.. ##....#...# #....#
#.# ##..##......
###..# #.# ##.##...###
# #..# #.# #.######
###..# #.# ##'##
.....# #.# ##...##


You could see Duvessa (berserk) and 2 neutral jellies (fellow slime).

Vanquished Creatures
  Grinder (D:4)
  Dowan (D:4)
  A bombardier beetle (D:4)
  A hound (D:4)
  An adder (D:4)
  4 dart slugs
  2 ribbon worms
  6 orcs
  8 ball pythons
  4 bats
  2 endoplasms (D:1)
  3 giant cockroaches (D:1)
  6 goblins
  4 hobgoblins
  6 kobolds
  A quokka (D:1)
  4 frilled lizards
  4 rats
59 creatures vanquished.

Vanquished Creatures (others)
  A ribbon worm (D:2)
  3 ball pythons
  A bat (D:2)
  4 endoplasms
  A giant cockroach (D:2)
  3 jackals (D:2)
  A quokka (D:2)
  A frilled lizard (D:2)
  A kobold (D:2)
  A rat (D:2)
17 creatures vanquished.

Grand Total: 76 creatures vanquished

Notes
Turn   | Place    | Note
-------+----------+-------------------------------------------
     0 | D:1      | MisterAzrael the Octopode Shapeshifter began the quest for
                  | the Orb.
     0 | D:1      | Reached XP level 1. HP: 13/13 MP: 1/1
    92 | D:1      | Reached XP level 2. HP: 9/18 MP: 2/2
   473 | D:1      | Reached XP level 3. HP: 22/23 MP: 3/3
   895 | D:1      | Found a faded altar of an unknown god.
   899 | D:1      | Prayed at the altar of an unknown god.
   899 | D:1      | Became a worshipper of Jiyva Jesap the Shapeless
   899 | D:1      | Reached * piety under Jiyva
  1119 | D:2      | Identified the ring "Qirucig" {^Drain rF+ Str+6 Int+3
                  | Dex+6}
  1377 | D:3      | Reached ** piety under Jiyva
  1468 | D:3      | Found a burning altar of Makhleb.
  1484 | D:3      | Reached XP level 4. HP: 28/28 MP: 4/4
  1625 | D:3      | Found a hide-covered altar of Uskayaw.
  1922 | D:3      | Found a glowing golden altar of the Shining One.
  2085 | D:4      | Noticed Grinder
  2092 | D:4      | Killed Grinder
  2093 | D:4      | Reached skill level 5 in Shapeshifting
  2093 | D:4      | Reached XP level 5. HP: 31/33 MP: 5/5
  2093 | D:4      | Reached XP level 6. HP: 36/38 MP: 6/6
  2103 | D:4      | Found a blossoming altar of Fedhas.
  2117 | D:4      | Reached *** piety under Jiyva
  2117 | D:4      | Gained mutation: You are strong-willed. (Will+) [Jiyva's
                  | grace]
  2117 | D:4      | Gained mutation: You are highly strong-willed. (Will++)
                  | [Jiyva's grace]
  2117 | D:4      | Gained mutation: You are extremely strong-willed. (Will+++)
                  | [Jiyva's grace]
  2117 | D:4      | Gained mutation: Your flesh is heat resistant. (rF+)
                  | [Jiyva's grace]
  2149 | D:4      | Found a staircase to the Ecumenical Temple.
  2200 | D:4      | Noticed Duvessa
  2200 | D:4      | Noticed Dowan
  2205 | D:4      | Identified 2 scrolls of acquirement
  2205 | D:4      | Acquired the +0 buckler "Bamurits" {rPois Will+}
  2207 | D:4      | Acquired the ring of Muwk {+Blink rF+ rN+ rCorr Dex+6}
  2511 | D:4      | Found a sacrificial altar of Ru.
  2595 | D:4      | Killed Dowan
  2601 | D:4      | Mangled by Duvessa

Illustrated notes

Levels and vault maps discovered:
D:1:      minmay_arrival_arboretum_small, layout_basic,
          shapermc_ecumenical_altar_mp_vishouse, minmay_cupped
D:2:      layout_basic
D:3:      layout_basic, nicolae_uskayaw_murder_on_the_dancefloor,
          mainiacjoe_overflow_surrounded_room, mainiacjoe_overflow_tiny_flanked
D:4:      layout_loops_corners, nicolae_ru_the_path_less_chosen, fedhas_altar_1,
          minmay_temple_entry_overgrown, uniq_grinder, uniq_duvessa

Skill      XL: |  1  2  3  4 |
---------------+-------------+-----
Unarmed Combat | 4 |  4.7
Shapeshifting  | 5 |  5.5
Fighting       | |  1.0
Dodging        | |  2.7

Action                     |  1- 3 |  4- 6 || total
---------------------------+-------+-------++-------
  Melee: Unarmed           |    70 |    50 ||   120
         Constrict         |    21 |    15 ||    36
         Punch             |     1 |     1 ||     2
         Tentacles         |    13 |    14 ||    27
    Use: Potion            |     1 |     3 ||     4
         Scroll            |       |     8 ||     8
   Stab: Sleeping          |     6 |     1 ||     7
 Armour: Skin              |    39 |    33 ||    72
  Dodge: Dodged            |    41 |    32 ||    73
  Block: Other             |     1 |    12 ||    13

Table legend: (Time is in decaauts)
 A = Elapsed time spent in this place.
 B = Non-inter-level travel time spent in this place.
 C = Inter-level travel time spent in this place.
 D = Time resting spent in this place.
 E = Time spent auto-exploring this place.
 F = Levels seen in this place.
 G = Mean time per level.
                   A        B        C        D        E       F      G
               +--------+--------+--------+--------+--------+-----+--------+
         Total |   2590 |   2517 |     73 |     57 |   2001 |   4 |  647.5 |
       Dungeon |   2590 |   2517 |     73 |     57 |   2001 |   4 |  647.5 |
               +--------+--------+--------+--------+--------+-----+--------+

Top non-repeatable levels by time:
     D:1: 922 daAuts
     D:3: 663 daAuts
     D:4: 568 daAuts
     D:2: 436 daAuts
